Map: Frostline LE

Players

Dotdot

  • Race: Zerg Zerg
  • League: Diamond
  • Spawn Location: 1:00

wootwoot - Winner!

  • Race: Protoss Protoss
  • League: Diamond
  • Spawn Location: 7:00

VOD

Have the link to the VOD?

Description

Time

  • Played on: April 2, 2025, 4:19 p.m.
  • Length: 6:20
Show
View Real Time Build Order
Export as new Build Order

Dotdot Zerg 

Build Orders: Hatch First 

Get SALT Encoding   

  12  0:00  Drone  
  13  0:12  Overlord  
  13  0:16  Drone  
  14  0:31  Drone x2  
  16  0:38  Drone  
  17  0:50  Hatchery  
  17  0:54  Drone  
  17  0:57  Drone  
  18  1:06  Extractor  
  17  1:14  Spawning Pool  
  17  1:16  Drone  
  17  1:29  Drone x2  
  19  1:40  Drone  
  20  1:50  Overlord  
  20  2:02  Queen  
  20  2:03  Queen  
  20  2:04  Zergling x2  
  20  2:07  Zergling x2  
  26  2:13  Metabolic Boost  
  26  2:17  Drone  
  26  2:20  Drone  
  28  2:32  Drone x2  
  28  2:33  Drone  
  31  2:42  Drone  
  33  2:44  Drone  
  33  2:51  Drone  
  33  2:56  Drone  
  35  2:58  Drone  
  35  2:59  Hatchery  
  35  3:06  Overlord  
  35  3:09  Drone  
  36  3:14  Overlord  
  36  3:15  Overlord  
  36  3:26  Drone  
  39  3:27  Drone x2  
  39  3:28  Drone  
  39  3:33  Drone  
  41  3:38  Lair  
  41  3:46  Drone x4  
  41  3:47  Drone x3  
  48  3:51  Queen  
  50  4:15  Queen  
  52  4:32  Spore Crawler  
  52  4:34  Queen  
  52  4:37  Extractor  
  52  4:39  Extractor  
  49  4:47  Roach Warren  
  49  4:50  Hydralisk Den  
  49  4:51  Evolution Chamber  
  46  4:53  Evolution Chamber  
  46  4:56  Drone x3  
  46  4:57  Drone x3  
  46  4:59  Drone  
  52  5:00  Drone x3, Extractor  
  52  5:06  Drone  
  52  5:07  Drone x9  
  64  5:16  Drone  
  65  5:24  Drone  
  65  5:26  Overlord x2  
  66  5:29  Overlord x3, Extractor x2  
  64  5:37  Drone  
  64  5:38  Drone  
  57  5:52  Hydralisk x5  
  57  5:54  Roach  
  57  5:55  Zergling x4  
Show
View Real Time Build Order
Export as new Build Order

wootwoot Protoss - Winner!

Build Orders: 1 Gate Expand 

Get SALT Encoding   

  12  0:00  Probe  
  13  0:12  Probe  
  14  0:20  Pylon  
  14  0:24  Probe  
  15  0:34  Probe  
  15  0:38  Gateway  
  16  0:43  Probe  
  16  0:48  Assimilator  
  17  0:52  Probe  
  18  1:04  Probe  
  19  1:16  Probe  
  20  1:27  Nexus  
  20  1:34  Cybernetics Core  
  20  1:39  Assimilator  
  20  1:41  Probe  
  21  1:50  Pylon, Probe  
  22  1:58  Probe  
  22  2:01  Adept  
  23  2:09  Probe  
  26  2:17  Stargate  
  26  2:20  Shield Battery  
  26  2:24  Probe  
  26  2:27  Warp Gate  
  27  2:36  Probe  
  28  2:40  Probe  
  29  2:48  Probe  
  30  2:52  Probe  
  30  2:57  Void Ray  
  31  3:00  Probe  
  31  3:04  Probe  
  37  3:11  Twilight Council  
  38  3:12  Probe  
  38  3:16  Probe  
  39  3:24  Probe  
  40  3:28  Probe  
  41  3:35  Void Ray  
  41  3:37  Probe  
  46  3:45  Charge  
  46  3:56  Pylon  
  46  3:58  Pylon  
  46  4:05  Gateway  
  46  4:06  Gateway  
  46  4:08  Gateway  
  46  4:11  Gateway  
  46  4:14  Gateway, Probe x2  
  48  4:19  Gateway  
  48  4:26  Probe x2  
  48  4:27  Void Ray  
  50  4:38  Probe  
  55  4:48  Pylon  
  55  4:51  Pylon  
  55  4:57  Zealot  
  57  5:10  Zealot  
  57  5:11  Zealot x4  
  67  5:14  Void Ray  
  71  5:22  Zealot x2  
  71  5:27  Pylon  
  75  5:45  Gateway  
  75  5:46  Zealot x4  
  75  5:47  Zealot  
  85  6:12  Pylon  
  85  6:14  Pylon  
  85  6:15  Pylon  
Tags
 
Add a new tag
Caveats
  • Supply blocks, unpowered buildings, or Contaminate may cause inaccurate times.
  • Supply counts are checked every 10 seconds.